 Dungeon Crawl Stone Soup version 0.14-a0-1007-gacdcbbe (webtiles) character file.

285 PolkaDot the Ruinous (level 5, -4/35 HPs)
             Began as a Vampire Conjurer on Nov 22, 2013.
             Killed from afar by an orc wizard (8 damage)
             ... with a puff of flame
             ... on Level 3 of the Dungeon.
             The game lasted 00:10:10 (3986 turns).

PolkaDot the Ruinous (Vampire Conjurer)             Turns: 3986, Time: 00:10:11

HP  -4/35        AC  2     Str  7      XL: 5   Next: 27%
MP   7/11        EV 12     Int 18      God:
Gold 113         SH  0     Dex 14      Spells:  3 memorised,  3 levels left

Res.Fire  : . . .   See Invis. : +   g - +1,+0 elf long sword
Res.Cold  : . . .   Warding    : .   a - +0 robe
Life Prot.: . . .   Conserve   : .   (no shield)
Res.Poison: .       Res.Corr.  : .   (no helmet)
Res.Elec. : .       Clarity    : .   (no cloak)
Sust.Abil.: . .     Spirit.Shd : .   (no gloves)
Res.Mut.  : .       Stasis     : .   (no boots)
Res.Rott. : .       Flight     : .   (no amulet)
Saprovore : . . .                    (no ring)
                                     (no ring)

@: regenerating quickly, slightly resistant to hostile enchantments, stealthy
A: fangs 3, see invisible, unbreathing
a: no special abilities


You were on level 3 of the Dungeon.
You were very full.

You visited 1 branch of the dungeon, and saw 4 of its levels.

You collected 113 gold pieces.

Inventory:

Hand weapons
 g - a +1,+0 elven long sword (weapon)
Armour
 a - a +0 robe (worn)
Magical devices
 k - a wand of magic darts (6)
Scrolls
 b - 2 scrolls of noise {unknown}
 d - 2 scrolls of identify {unknown}
 f - a scroll of enchant weapon I {unknown}
 h - 2 scrolls of fog {unknown}
 i - a scroll of curse jewellery {unknown}
Jewellery
 j - a cursed ring of hunger {unknown}
Potions
 e - a potion of speed
Books
 c - a book of Conjurations

   Spells                             Type                      Level
   *Magic Dart                        Conjuration                  1
   *Searing Ray                       Conjuration                  2
   Dazzling Spray                     Conjuration/Hexes            3
   *Iskenderun's Mystic Blast         Conjuration                  4
   Iskenderun's Battlesphere          Conjuration/Charms           4
   Fulminant Prism                    Conjuration/Hexes            5


   Skills:
 - Level 2.1 Dodging
 - Level 3.0 Stealth
 - Level 3.0 Spellcasting
 * Level 4.3 Conjurations


You had 3 spell levels left.
You knew the following spells:

 Your Spells              Type           Power        Failure   Level  Hunger
a - Magic Dart            Conj           ###.         2%          1    None
d - Iskenderun's Mystic   Conj           ###.....     28%         4    ####...
s - Searing Ray           Conj           ###...       4%          2    ##.....


Dungeon Overview and Level Annotations

Branches:
Dungeon (4/16)
 Temple: D:4-7

Altars:
Makhleb


Innate Abilities, Weirdness & Mutations

Your natural rate of healing is unusually fast.
You have razor-sharp teeth.*
You have supernaturally acute eyesight.
You can survive without breathing.*


Message History

The orc barely misses you. The adder bites you.
* * * LOW HITPOINT WARNING * * *
You climb upwards.
There is a stone staircase leading down here.
Drink which item? (? for menu, Esc to quit)
You feel much better.
It was a potion of heal wounds.
The orc wizard looks braver.
The orc hits you. The adder bites you. The orc hits you with an orcish whip.
The orc wizard points at you and mumbles some strange words.
The magic dart hits you!
* * * LOW HITPOINT WARNING * * *
The adder barely misses you. The adder bites you.
* * * LOW HITPOINT WARNING * * *
The orc wizard hits you with an orcish dagger.
* * * LOW HITPOINT WARNING * * *
The orc hits you but does no damage. The orc wizard casts a spell at you.
The puff of flame hits you!
You die...

....#.#.#.........##.........#
%.....#.#.........#.....#..#.#
....###.#.........#.##.#...#.#
..#.# #.#.........#.##.....#.#
..#.# #.#......>.............#
###%###.#......o..##.#####.### #
#...#.#......ooS.........#
#####.#.########.#.#...##########
##....#.########@#.#.....#.......
##.####..............#.#.#.######
>...# #..........#.....#.#.#
....# #..........#######.#.######
....###..........# #.#.#....#
......#..........# #.#...##.#
.#.#..#..........# #.#....#.#
...#.<...........# #....#.#..
...##............# ###..#.###


You could see an orc wizard, an adder and 2 orcs.

Vanquished Creatures
  An orc wizard (D:3)
  Ijyb (D:3)
  Jessica (D:2)
  Terence (D:2)
  An adder (D:3)
  A worm (D:2)
  2 giant geckos (D:1)
  2 oozes
  5 orcs (D:3)
  10 bats
  3 giant cockroaches
  7 goblins
  3 hobgoblins
  8 jackals (D:2)
  3 quokkas
  2 ball pythons
  5 giant newts
  12 kobolds
  6 rats
74 creatures vanquished.

Notes
Turn   | Place    | Note
--------------------------------------------------------------
     0 | D:1      | PolkaDot, the Vampire Conjurer, began the quest for the Orb.
     0 | D:1      | Reached XP level 1. HP: 13/13 MP: 4/4
   430 | D:1      | Reached XP level 2. HP: 19/19 MP: 3/5
  1231 | D:2      | Reached XP level 3. HP: 22/24 MP: 7/7
  1238 | D:2      | Noticed Terence
  1275 | D:1      | Learned a level 2 spell: Searing Ray
  1493 | D:2      | Killed Terence
  1950 | D:2      | Noticed Jessica
  1962 | D:2      | Killed Jessica
  1962 | D:2      | Reached XP level 4. HP: 30/30 MP: 0/10
  2894 | D:3      | Found a burning altar of Makhleb.
  2923 | D:3      | Learned a level 4 spell: Iskenderun's Mystic Blast
  3073 | D:3      | Reached skill level 4 in Conjurations
  3193 | D:3      | Reached XP level 5. HP: 35/35 MP: 11/11
  3609 | D:3      | Noticed Ijyb
  3620 | D:3      | Killed Ijyb
  3986 | D:3      | Killed from afar by an orc wizard

Action                   |  1- 3 |  4- 6 || total
-------------------------+-------+-------++-------
Melee: Dagger            |    24 |       ||    24
       Long sword        |    33 |    66 ||    99
 Cast: Magic Dart        |    50 |     5 ||    55
       Searing Ray       |     6 |    10 ||    16
       Iskenderun's Myst |       |     1 ||     1
 Abil: End Transformatio |       |     1 ||     1
       Bat Form          |       |     1 ||     1
  Use: Potion            |     3 |     1 ||     4
 Stab: Sleeping          |     1 |     1 ||     2
       Distracted        |       |     1 ||     1
